 Dungeon Sprint DCSS version 0.19-a0-1532-g228a5d9 (webtiles) character file.

7894 poirepourri the Imperceptible (level 11, -4/49 HPs)
             Began as a Spriggan Enchanter on Sept 13, 2016.
             Was a High Priest of Dithmenos.
             Slain by a spriggan
             ... wielding a +0 dagger
              (9 damage)
             ... in the Dungeon (Sprint IV: "Fedhas' Mad Dash").
             The game lasted 00:05:14 (2466 turns).

poirepourri the Imperceptible (Spriggan Enchanter)  Turns: 2466, Time: 00:05:15

Health: -4/49      AC:  4    Str:  4    XL:     11   Next: 2%
Magic:  26/29      EV: 27    Int: 16    God:    Dithmenos [*****.]
Gold:   230        SH:  0    Dex: 21    Spells: 5 memorised, 24 levels left

rFire  . . .     SeeInvis +     o - +2 rapier (holy)
rCold  + . .     Gourm    .     n - +2 robe {rC+}
rNeg   . . .     Faith    .     (shield restricted)
rPois  .         Spirit   .     (helmet restricted)
rElec  .         Dismiss  .     (no cloak)
rCorr  .         Reflect  .     (gloves unavailable)
MR     +....     Harm     .     (boots unavailable)
Stlth  ++++++++++ NoTele   +    g - amulet of invisibility {+Inv}
                                (no ring)
                                (no ring)

@: very slightly contaminated, wreathed by umbra, very quick
A: unfitting armour, see invisible, herbivore 3, speed 3, slow metabolism 2
a: Shadow Step, Shadow Form, Renounce Religion, Evoke Invisibility


You were in the Dungeon.
You worshipped Dithmenos.
Dithmenos was extremely pleased with you.
You were full.

You visited 1 branch You collected 230 gold pieces.

Inventory:

Hand Weapons
 a - a +1 dagger
 i - a +0 rapier
 o - a +2 rapier of holy wrath (weapon)
Armour
 b - a +1 robe
 n - a +2 robe of cold resistance (worn)
 p - a +0 buckler
Jewellery
 g - the amulet of invisibility (around neck) {+Inv}
   (You found it in the Dungeon)

   [amulet of nothing]

   It lets you turn invisible.
Scrolls
 k - 3 scrolls of remove curse
Potions
 e - a potion of curing
Books
 c - a book of Maledictions

   Spells                             Type                      Level
   a - Corona                         Hexes                        1
   b - Ensorcelled Hibernation        Hexes/Ice                    2
   c - Confuse                        Hexes                        3
   d - Tukima's Dance                 Hexes                        3
   e - Dazzling Spray                 Conjuration/Hexes            3
 m - a book of Battle

   Spells                             Type                      Level
   a - Infusion                       Charms                       1
   b - Shroud of Golubria             Charms/Translocation         2
   c - Song of Slaying                Charms                       2
   d - Spectral Weapon                Hexes/Charms                 3
   e - Regeneration                   Charms/Necromancy            3
Comestibles
 d - 2 bread rations
 l - 3 royal jellies


   Skills:
 - Level 1.3 Fighting
 + Level 11.4 Short Blades
 + Level 9.9 Dodging
 + Level 23.8 Stealth
 + Level 13.1 Spellcasting
 + Level 13.7 Hexes
 - Level 2.0 Ice Magic
 + Level 2.2 Invocations
 - Level 1.3 Evocations


You had 24 spell levels left.
You knew the following spells:

 Your Spells              Type           Power        Failure   Level  Hunger
a - Corona                Hex            ######.      1%          1    None
b - Ensorcelled Hibernat  Hex/Ice        #####.       1%          2    None
c - Confuse               Hex            ######..     1%          3    None
d - Tukima's Dance        Hex            ######..     1%          3    None
e - Dazzling Spray        Conj/Hex       ####..       1%          3    None


Dungeon Overview and Level Annotations

Branches:
Dungeon (1/1)

Altars:
Cheibriados
Dithmenos
Elyvilon
Gozag
Hepliaklqana
Kikubaaqudgha
Makhleb
Nemelex Xobeh
Okawaru
Qazlal
Ru
Sif Muna
Trog
Uskayaw
Vehumet
Xom
Yredelemnul
Zin
The Shining One
Beogh
Jiyva
Lugonu

Shops:
D (*?}=*:(


Innate Abilities, Weirdness & Mutations

You are tiny and cannot use many weapons and most armour.
You have supernaturally acute eyesight. (SInv)
You are a herbivore.
You cover ground extremely quickly.
You need consume almost no food.


Message History

Aim: a spriggan, wielding a dagger and wearing a robe (black smoke, umbra, chance to defeat MR: 28%)
The spriggan easily resists.
The spriggan completely misses you.
The spriggan rider hits you from afar with a spear!!
* * * LOW HITPOINT WARNING * * *
You emit a cloud of dark smoke.
There is an open door here.
You see here 25 stones.
There is an open door here.
There is an open door, covered with mould here.
Blink to where?
Press: ? - help, Dir - move target cursor, p - spriggan You are very lightly contaminated with residual magic.
As you read the scroll of blinking, it crumbles to dust.
Casting: Ensorcelled Hibernation
Confirm with . or Enter, or press ? or * to list all spells.
Aiming: Confuse
Press: ? - help, Shift-Dir - straight line, f - spriggan
Aim: a spriggan, wielding a dagger and wearing a robe (umbra, chance to defeat MR: 38%)
The spriggan resists with some effort.
The spriggan hits you with a dagger!
You die...

.#...'.._._)_._._..'..#...#....'.
.#...#..._._._._...#..###'##...##
###'##.._._._._._..#..##∩∩.'...##
.'...#.⌠._._._._.⌠.##############
.#...###################....§§###
######♣♣♣♣♣..♣(###§i.i'......§§§§
##.)'......♣..♣##..#..#.P.....###
....#♣..♣♣♣.♣).###i##'##.P....#
....#.♣♣..♣...♣'@i.#♣.♣########
###### #############.....####
###..♣..♣....###
.P.#####.).♣......♣...♣##
iP..........♣.)...∩.∩..[.
.P...#################### ###


You could see a spriggan rider and a spriggan.

Vanquished Creatures
  Agnes (D)
  A spriggan defender (D)
  A spriggan berserker (D)
  A spriggan druid (D)
  6 oklob plants (D)
  A demonic crawler (D)
  3 wandering mushrooms (D)
  A queen bee (D)
  3 burning bushes (D)
  2 scorpions (D)
  4 killer bees (D)
  5 oklob saplings (D)
  A worker ant (D)
  3 spriggans (D)
  A river rat (D)
  A rat (D)
  2 ballistomycetes (D)
  A giant spore (D)
38 creatures vanquished.

Notes
Turn   | Place    | Note
-------+----------+-------------------------------------------
     0 | D        | poirepourri the Spriggan Enchanter began the quest for the Orb.
     0 | D        | Reached XP level 1. HP: 9/9 MP: 5/5
    24 | D        | Reached skill level 6 in Stealth
    24 | D        | Reached XP level 2. HP: 13/13 MP: 3/6
    67 | D        | Learned a level 2 spell: Ensorcelled Hibernation
    72 | D        | Noticed an oklob sapling
    79 | D        | Reached skill level 5 in Dodging
    79 | D        | Reached skill level 9 in Stealth
    79 | D        | Reached XP level 3. HP: 16/16 MP: 8/8
    99 | D        | Learned a level 3 spell: Confuse
   105 | D        | Noticed an oklob sapling
   108 | D        | Killed an oklob sapling
   108 | D        | Reached skill level 10 in Stealth
   108 | D        | Reached skill level 1 in Evocations
   135 | D        | Found an opulent altar of Gozag.
   135 | D        | Found a hazy altar of Hepliaklqana.
   135 | D        | Found a burning altar of Makhleb.
   135 | D        | Found a roughly hewn altar of Beogh.
   135 | D        | Found a sparkling altar of Nemelex Xobeh.
   135 | D        | Found a snail-covered altar of Cheibriados.
   135 | D        | Found a sacrificial altar of Ru.
   135 | D        | Found a deep blue altar of Sif Muna.
   135 | D        | Found a shimmering altar of Xom.
   135 | D        | Found a basalt altar of Yredelemnul.
   136 | D        | Found a viscous altar of Jiyva.
   136 | D        | Found a bloodstained altar of Trog.
   136 | D        | Noticed an oklob sapling priest
   137 | D        | Found an iron altar of Okawaru.
   137 | D        | Found a shadowy altar of Dithmenos.
   137 | D        | Found a glowing silver altar of Zin.
   138 | D        | Found a hide-covered altar of Uskayaw.
   138 | D        | Found an ancient bone altar of Kikubaaqudgha.
   139 | D        | Found a stormy altar of Qazlal.
   139 | D        | Found a glowing golden altar of the Shining One.
   139 | D        | Found a white marble altar of Elyvilon.
   141 | D        | Found a radiant altar of Vehumet.
   141 | D        | Found a corrupted altar of Lugonu.
   148 | D        | Killed an oklob sapling priest
   148 | D        | Reached skill level 11 in Stealth
   148 | D        | Reached skill level 5 in Hexes
   148 | D        | Reached XP level 4. HP: 21/21 MP: 2/10
   153 | D        | Became a worshipper of Dithmenos the Shadowed
   362 | D        | Reached skill level 12 in Stealth
   362 | D        | Reached XP level 5. HP: 24/24 MP: 10/12
   394 | D        | Reached * piety under Dithmenos
   394 | D        | Reached skill level 13 in Stealth
   394 | D        | Reached skill level 5 in Spellcasting
   688 | D        | Found Takiatso's General Store.
   688 | D        | Found Azoe's Weapon Emporium.
   697 | D        | Noticed a burning bush
   697 | D        | Noticed a wandering mushroom
   698 | D        | Noticed a wandering mushroom
   719 | D        | Killed a wandering mushroom
   719 | D        | Reached skill level 14 in Stealth
   719 | D        | Reached skill level 1 in Ice Magic
   719 | D        | Reached XP level 6. HP: 29/29 MP: 10/16
   758 | D        | Reached ** piety under Dithmenos
   758 | D        | Reached skill level 15 in Stealth
  1085 | D        | Killed a burning bush
  1085 | D        | Reached skill level 1 in Fighting
  1085 | D        | Reached skill level 10 in Hexes
  1085 | D        | Reached XP level 7. HP: 25/33 MP: 15/19
  1104 | D        | Reached skill level 16 in Stealth
  1169 | D        | Found Ynaotee's General Store.
  1169 | D        | Found Aheuguw's Jewellery Shoppe.
  1262 | D        | Learned a level 3 spell: Tukima's Dance
  1266 | D        | Learned a level 3 spell: Dazzling Spray
  1273 | D        | Noticed a queen bee
  1290 | D        | Killed a queen bee
  1290 | D        | Reached *** piety under Dithmenos
  1290 | D        | Reached XP level 8. HP: 37/37 MP: 17/21
  1304 | D        | Reached skill level 17 in Stealth
  1306 | D        | Reached skill level 5 in Short Blades
  1309 | D        | Reached **** piety under Dithmenos
  1414 | D        | Noticed an oklob plant
  1646 | D        | Killed an oklob plant
  1646 | D        | Reached skill level 18 in Stealth
  1646 | D        | Reached skill level 10 in Spellcasting
  1684 | D        | Noticed a burning bush
  1687 | D        | Killed a burning bush
  1696 | D        | Noticed a burning bush
  1696 | D        | Noticed an oklob plant
  1698 | D        | Noticed a wandering mushroom
  1699 | D        | Killed a burning bush
  1699 | D        | Reached ***** piety under Dithmenos
  1699 | D        | Reached XP level 9. HP: 41/41 MP: 24/24
  1708 | D        | Killed an oklob plant
  1708 | D        | Reached skill level 19 in Stealth
  1729 | D        | Killed a wandering mushroom
  1996 | D        | Noticed a spriggan druid
  1997 | D        | Killed a spriggan druid
  1997 | D        | Reached skill level 20 in Stealth
  2109 | D        | Noticed an oklob plant conjurer
  2111 | D        | Killed an oklob plant conjurer
  2250 | D        | Noticed Agnes
  2252 | D        | Found Afaifopi's Magic Scroll Emporium.
  2252 | D        | Found Togohyre's Gadget Shoppe.
  2253 | D        | Killed Agnes
  2253 | D        | Reached skill level 21 in Stealth
  2253 | D        | Reached skill level 1 in Invocations
  2253 | D        | Reached XP level 10. HP: 45/45 MP: 21/27
  2256 | D        | Noticed a spriggan berserker
  2258 | D        | Killed a spriggan berserker
  2258 | D        | Reached skill level 10 in Short Blades
  2258 | D        | Reached skill level 22 in Stealth
  2264 | D        | Noticed a spriggan defender
  2268 | D        | Killed a spriggan defender
  2268 | D        | Reached skill level 23 in Stealth
  2390 | D        | Noticed a spriggan rider
  2402 | D        | Noticed an oklob plant
  2402 | D        | Noticed an oklob plant summoner
  2403 | D        | Noticed an oklob plant shifter
  2404 | D        | Killed an oklob plant
  2406 | D        | Killed an oklob plant summoner
  2409 | D        | Killed an oklob plant shifter
  2433 | D        | Reached XP level 11. HP: 49/49 MP: 29/29
  2435 | D        | Noticed a spriggan rider
  2436 | D        | Found Sugh's Antique Weapon Shoppe.
  2436 | D        | Found Vustronti's Book Emporium.
  2466 | D        | Slain by a spriggan

Vault maps used:
D:        dungeon_sprint_fedhas

Skill      XL: |  1  2  3  4  5  6  7  8  9 10 |
---------------+-------------------------------+-----
Dodging        | 4 5 6 7 8 9 |  9.9
Stealth        | 6 9 11 12 14 15 16 18 21 23 | 23.8
Evocations     | 1 |  1.3
Short Blades   | 2 3 4 6 9 11 | 11.4
Spellcasting   | 3 4 6 8 10 12 13 | 13.1
Hexes          | 5 6 9 10 11 13 | 13.7
Ice Magic      | 1 2 |  2.0
Fighting       | 1 |  1.3
Invocations    | 1 2 |  2.2

Action                   |  1- 3 |  4- 6 |  7- 9 | 10-12 || total
-------------------------+-------+-------+-------+-------++-------
Melee: Dagger            |    14 |    17 |    10 |       ||    41
       Rapier            |       |       |    68 |     7 ||    75
 Cast: Corona            |     2 |       |       |       ||     2
       Confuse           |     2 |     6 |     8 |     1 ||    17
       Ensorcelled Hiber |       |     5 |     8 |     7 ||    20
       Dazzling Spray    |       |       |     1 |       ||     1
Invok: Shadow Step       |       |       |     2 |     3 ||     5
 Abil: Evoke Invisibilit |     1 |       |       |       ||     1
  Use: Potion            |     2 |     1 |       |     2 ||     5
       Scroll            |     2 |       |       |     1 ||     3
 Stab: Sleeping          |     2 |     5 |    10 |     7 ||    24
       Confused          |     2 |     3 |    11 |       ||    16
  Eat: Bread ration      |       |       |     1 |       ||     1
Armor: Robe              |     2 |       |     2 |       ||     4
Dodge: Dodged            |     8 |    12 |    29 |    14 ||    63
